[Event "1st Serbian League 2022"]
[Site "Vrnjacka Banja"]
[Date "2022.09.23"]
[Round "4.5"]
[White "Zegarac, Vuk"]
[Black "Radovanovic, Mihajlo"]
[Result "1-0"]
[ECO "A43"]
[WhiteElo "2336"]
[BlackElo "2438"]
[Annotator "TA"]
[PlyCount "47"]
[EventDate "2022.09.20"]
[EventType "team-tourn"]
[EventCountry "SRB"]
[SourceTitle "playchess.com"]
[Source "ChessBase"]
[SourceQuality "1"]
[TimeControl "40/5400+30:1800+30"]

1. d4 Nf6 2. Nf3 c5 3. d5 b5 4. e4 Nxe4 5. Bd3 Nf6 6. Bxb5 {[%emt 0:00:18] A43: Schmid Benoni.} Qa5+ 7. Nc3 {[%emt 0:00:28] [#] Nd2 is the strong threat.} Ba6 $146 ({Predecessor:} 7... Ne4 8. Rb1 Ba6 9. Qd3 Nd6 10. a4 Bxb5 11. axb5 a6 12. O-O axb5 13. Bf4 e6 {1-0 (13) Predke,A (2684)-Bernadskiy,V (2629) Ruma 2020}) 8. Bxa6 {[%emt 0:01:54] White is better.} Qxa6 9. a4 e6 10. Nb5 {[%emt 0:27:19] aiming for Nc7+.} Nxd5 (10... Qb7 $1 $14) 11. c4 $18 Qa5+ 12. Bd2 {[%emt 0:01:23][%mdl 1024] White has strong compensation.} Nb4 13. Ne5 $1 f6 $2 (13... a6) 14. Qh5+ Ke7 15. Qf7+ Kd8 {[%emt 0:00:08] [#]} 16. O-O-O $2 fxe5 $4 {[%emt 0:18:13][%mdl 8192] [#]} (16... Qxa4 $16 17. Bxb4 fxe5) 17. Bg5+ $1 Kc8 18. Qe8+ Kb7 19. Rxd7+ Nxd7 20. Qxd7+ Kb6 21. Bd8+ {[%emt 0:00:33][%mdl 64] Skewer. White mates.} Rxd8 22. Qxd8+ Ka6 23. Qc8+ Kb6 24. Qc7+ {[%emt 0:00:04] Black got outplayed after the opening.  Weighted Error Value: White=0.31/Black=1.29} 1-0

[Event "1st Serbian League 2022"]
[Site "Vrnjacka Banja"]
[Date "2022.09.23"]
[Round "4.6"]
[White "Lukovic, Vladimir"]
[Black "Krstic, Petar"]
[Result "1/2-1/2"]
[ECO "B10"]
[WhiteElo "2419"]
[BlackElo "2290"]
[Annotator "TA"]
[PlyCount "58"]
[EventDate "2022.09.20"]
[EventType "team-tourn"]
[EventCountry "SRB"]
[SourceTitle "playchess.com"]
[Source "ChessBase"]
[SourceQuality "1"]
[TimeControl "40/5400+30:1800+30"]

1. e4 c6 2. d3 d5 3. Nd2 g6 4. Ngf3 Bg7 5. d4 dxe4 6. Nxe4 {[%emt 0:00:11] B10: Caro-Kann: 2 d3 and 2 c4.} Nf6 7. Nxf6+ exf6 8. Bc4 {[%emt 0:01:08] [#] The position is equal.} Qe7+ $146 ({Predecessor:} 8... O-O 9. O-O a5 10. a4 Re8 11. c3 Be6 12. Bxe6 Rxe6 13. Qb3 Qd7 14. Bd2 Bf8 {½-½ (53) Druska,J (2493)-Abasov,N (2656) Reykjavik 2021}) 9. Qe2 {[%emt 0:03:36] Active counter play!} Qxe2+ 10. Bxe2 Bf5 11. c3 O-O 12. O-O Re8 13. Re1 Nd7 14. Be3 Nb6 15. c4 Na4 16. b3 Nc3 17. Bf1 a5 18. Rec1 Ne4 19. a3 Bf8 20. Nd2 Red8 21. Nxe4 Bxe4 22. Ra2 h5 23. Rd1 Rd7 24. f3 Bf5 25. g3 Rad8 26. Rdd2 Re8 27. Bf2 Red8 28. Be3 Re8 29. Bf2 Red8 {[%emt 0:00:11] Not much happened in this game.  Weighted Error Value: White=0.05 (flawless) /Black=0.07 (flawless)} 1/2-1/2

[Event "1st Serbian League 2022"]
[Site "Vrnjacka Banja"]
[Date "2022.09.23"]
[Round "4.7"]
[White "Ioannidis, Evgenios"]
[Black "Bilbija, Zoran"]
[Result "1-0"]
[ECO "D36"]
[WhiteElo "2486"]
[BlackElo "2026"]
[Annotator "TA"]
[PlyCount "77"]
[EventDate "2022.09.20"]
[EventType "team-tourn"]
[EventCountry "SRB"]
[SourceTitle "playchess.com"]
[Source "ChessBase"]
[SourceQuality "1"]
[TimeControl "40/5400+30:1800+30"]

1. c4 e6 2. d4 d5 3. Nc3 Nf6 4. Nf3 c6 5. Bg5 Be7 6. e3 Nbd7 7. Qc2 O-O 8. h3 Re8 9. Bf4 Nf8 10. cxd5 exd5 11. Ne5 N6d7 12. Nf3 Nf6 13. Bd3 {[%emt 0:00:27] [#]} b6 $146 {[%emt 0:01:51] D36: Queen's Gambit Declined: Exchange Variation: Main line (5 Bg5 c6 6 Qc2).} ({Predecessor:} 13... Ng6 14. Bh2 Bd6 15. Bxd6 Qxd6 16. O-O-O b6 17. g4 Be6 18. g5 Nd7 19. Rdg1 c5 20. h4 c4 21. Bf1 Ne7 22. h5 a6 23. g6 fxg6 24. Ng5 {0-1 (33) Bruederle,K (2301)-Repp,H (2263) GER email 2001}) 14. Ne5 Bb7 15. O-O N6d7 {[%emt 0:03:01] The position is equal.} 16. e4 Nxe5 (16... Ne6 $5 17. exd5 Nxf4 18. Bxh7+ Kf8 19. dxc6 Nxe5 20. cxb7 Nf3+ 21. gxf3 Bd6 $11) 17. Bxe5 f6 18. Bg3 {[%emt 0:02:11] exd5 is the strong threat.} dxe4 19. Bc4+ (19. Bxe4 $5 Bd6 20. Bxd6 Qxd6 21. Rad1 $14) 19... Kh8 20. Bf7 f5 21. Bxe8 Qxe8 22. f3 Ba6 23. Rfe1 Qg6 24. Qf2 $36 {[%emt 0:01:25][%cal Rf3e4][%mdl 2048] White is more active.} Bd3 {[%emt 0:01:21] Black is now going downhill.} (24... Ne6 $1 $11) 25. fxe4 $16 fxe4 26. Nxe4 Bb4 {[%emt 0:04:20] Prevents Nc5.} (26... Bxe4 $16 27. Qf4 Bxg2 28. Kxg2 Bg5) 27. Nc3 $18 Ne6 28. Be5 Rf8 29. Qe3 Ng5 30. Kh2 h6 31. Rad1 Ba6 (31... Bc4 $16 32. a3 Bxc3 33. bxc3 b5) 32. a3 Bxc3 33. bxc3 Bc8 (33... Bc4 $142 34. h4 Ne6) 34. Rf1 Re8 35. Rde1 {[%emt 0:02:31][%cal Oe5g7] [#] Black must now prevent Bxg7+!} Bd7 36. Qg3 {[%emt 0:00:34] Strongly threatening h4.} Re7 $2 (36... Kh7 37. h4 Ne6 38. Qxg6+ Kxg6) 37. h4 Qh5 38. Rf8+ Kh7 39. Qd3+ {[%emt 0:00:06] Weighted Error Value: White=0.11 (very precise) /Black=0.58} 1-0

[Event "1st Serbian League 2022"]
[Site "Vrnjacka Banja"]
[Date "2022.09.23"]
[Round "4.8"]
[White "Risteski, Emil"]
[Black "Damljanovic, Branko"]
[Result "0-1"]
[ECO "B81"]
[WhiteElo "2364"]
[BlackElo "2436"]
[Annotator "TA"]
[PlyCount "64"]
[EventDate "2022.09.20"]
[EventType "team-tourn"]
[EventCountry "SRB"]
[SourceTitle "playchess.com"]
[Source "ChessBase"]
[SourceQuality "1"]
[TimeControl "40/5400+30:1800+30"]

1. e4 c5 2. Nf3 d6 3. d4 cxd4 4. Nxd4 Nf6 5. Nc3 a6 6. h3 e6 7. g4 h6 8. Bg2 Be7 {[%emt 0:02:02] B81: Sicilian Scheveningen: Keres Attack.} 9. b3 Bd7 10. Bb2 Nc6 {[%emt 0:00:55] The position is equal.} 11. Nxc6 Bxc6 {[%emt 0:00:38] [#]} 12. Qd3 $146 ({Predecessor:} 12. Qe2 Qa5 13. O-O-O b5 14. f4 Rc8 15. a3 b4 16. axb4 Qxb4 17. Kb1 a5 18. Rhe1 {½-½ (71) Hovhannisyan,R (2607)-Muradli,M (2539) Sharjah 2022}) 12... Qa5 13. O-O-O O-O-O 14. Kb1 h5 15. Qc4 Kb8 16. b4 (16. f3 $11) 16... Qb6 (16... Qc7 $5 ) 17. g5 Ne8 18. f4 Nc7 19. a4 f6 20. gxf6 Bxf6 21. a5 (21. Qb3 $5 ) 21... Qf2 22. Qf1 Qxf1 23. Rhxf1 Rhf8 24. Ka2 g6 (24... d5 $5 ) 25. Kb3 d5 26. Rfe1 Bh4 {[%emt 0:00:32][%csl LRe1,LRf4] [#] Threatens to win with ...d4.} 27. Rf1 d4 28. Ne2 Bb5 29. Bf3 (29. Nxd4 $11 {remains equal.} Bxf1 30. Rxf1) 29... e5 $1 $17 {[%emt 0:00:17][%cal Be6e5,Be5d4][%mdl 32] Strongly threatening ...Ne6. Black is more active.} 30. Rg1 (30. c4 $17 dxc3 31. Bxc3) 30... Ne6 $19 ({Less strong is} 30... exf4 31. Nxd4 (31. Rxg6 Be8 $11) 31... Be8 32. c4 $14) 31. Bc1 $2 {[%emt 0:00:06] [#]} (31. c4 {is the only way for White.} Bc6 32. Rxg6 Nxf4 33. Nxf4 Rxf4 34. Bxh5) 31... Ng5 $1 32. Nxd4 (32. Rxg5 Bxg5) 32... exd4 {[%emt 0:00:18] Weighted Error Value: White=0.37/Black=0.09 (flawless)} 0-1

[Event "1st Serbian League 2022"]
[Site "Vrnjacka Banja"]
[Date "2022.09.23"]
[Round "4.9"]
[White "Tadic, Branko"]
[Black "Djokic, Mihailo"]
[Result "1-0"]
[ECO "E62"]
[WhiteElo "2455"]
[BlackElo "2197"]
[Annotator "TA"]
[PlyCount "86"]
[EventDate "2022.09.20"]
[EventType "team-tourn"]
[EventCountry "SRB"]
[SourceTitle "playchess.com"]
[Source "ChessBase"]
[SourceQuality "1"]
[TimeControl "40/5400+30:1800+30"]

1. Nf3 Nf6 2. d4 g6 3. g3 Bg7 4. Bg2 O-O 5. O-O d6 6. c4 Nc6 7. Nc3 e5 8. dxe5 dxe5 9. Bg5 Be6 10. Qc1 {[%emt 0:04:41] E62: King's Indian: Fianchetto: 6...c6 and Panno Variation (6...Nc6) without ...a6.} Qc8 11. Rd1 Nd7 {[%emt 0:04:55] The main line 11...Nd7 scores better than 11...Rd8.} 12. Bh6 {[%emt 0:03:32] White is slightly better.} Bxc4 {[%emt 0:06:38] [#]} 13. Bh3 $146 ({Predecessor:} 13. Bxg7 Kxg7 14. Bh3 f5 15. e4 Be6 16. Ng5 Nb6 17. Nd5 Bg8 18. Qc5 Nd7 19. Qc3 {½-½ (48) Erdos,V (2609)-Bekker Jensen,S (2482) Batumi 2018}) 13... Be6 (13... f5 $14) 14. Bxe6 $16 fxe6 15. Bxg7 (15. Ne4 Qe8 $14) 15... Kxg7 16. Ne4 Qe8 17. b4 {[%emt 0:02:49][%cal Bb2b4,Bb4b5][%mdl 32] White has more active pieces.} Rc8 18. b5 Nd4 19. Nxd4 exd4 20. Rxd4 Nf6 21. Qb2 Kg8 22. Nxf6+ Rxf6 23. Rad1 e5 (23... Rf7 $142) 24. Rd5 Qf8 25. Qb3 {[%emt 0:07:37] [#] Rd8+ is the strong threat.} (25. Qxe5 Rxf2 26. Rd7 Qf6 27. Qd5+ Kh8 $16) 25... Qf7 26. Qe3 (26. Rxe5 $6 Rxf2 27. Re7 Qxb3 28. axb3 Rf7 29. Rxf7 Kxf7 $14) 26... Rf8 27. f3 c5 (27... Qe6 $142 28. Qxa7 (28. Qxe5 Qxe5 29. Rxe5 R8f7 $16) 28... e4) 28. Qxc5 $18 ({Don't take} 28. Qxe5 $6 Re6 29. Qb2 Rfe8 $16) 28... e4 29. f4 ({Inferior is} 29. Qxa7 exf3 30. Qf2 fxe2 31. Qxe2 Rf2 $11) 29... Rf5 (29... a6 $142 30. a4 axb5 31. Qxb5 Qc7) 30. Rxf5 gxf5 {[%emt 0:00:29][%mdl 4096] Endgame KQR-KQR} 31. a4 b6 32. Qd5 Qxd5 33. Rxd5 {[%emt 0:00:09] KR-KR} Kg7 $2 {[%emt 0:00:05] [#]} (33... Rf7 34. Kf2 Kg7) 34. Rd7+ Rf7 35. Rxf7+ Kxf7 {[%emt 0:00:01] KP-KP} 36. Kf2 h5 37. h3 Ke6 38. g4 fxg4 39. hxg4 {[%emt 0:00:07] White mates.} hxg4 40. Kg3 Kd5 41. f5 e3 42. Kxg4 Kd4 43. f6 Kd5 {[%emt 0:12:50] Black got outplayed after the opening.  Weighted Error Value: White=0.07 (flawless) /Black=0.47} 1-0

[Event "1st Serbian League 2022"]
[Site "Vrnjacka Banja"]
[Date "2022.09.23"]
[Round "4.10"]
[White "Jocev, Milan"]
[Black "Nikolovski, Nikola"]
[Result "1/2-1/2"]
[ECO "D14"]
[WhiteElo "2283"]
[BlackElo "2359"]
[Annotator "TA"]
[PlyCount "42"]
[EventDate "2022.09.20"]
[EventType "team-tourn"]
[EventCountry "SRB"]
[SourceTitle "playchess.com"]
[Source "ChessBase"]
[SourceQuality "1"]
[TimeControl "40/5400+30:1800+30"]

1. d4 d5 2. c4 c6 3. cxd5 cxd5 4. Nf3 Nc6 5. Nc3 Nf6 6. Bf4 Bf5 7. e3 e6 8. Bd3 Bxd3 9. Qxd3 Bd6 10. Bxd6 Qxd6 11. O-O O-O 12. Rfc1 Rfc8 {[%emt 0:00:08] [#]} {Predecessor:} 13. h3 $146 {D14: Slav Defence: Exchange variation with ...Bf5.} h6 14. Nd2 Nd7 15. a3 a6 16. Rc2 Ne7 17. Rac1 Rc6 18. Ne2 Rac8 19. Rxc6 Rxc6 20. Rxc6 Qxc6 21. Qc3 g5 {½-½ (36) Li,D (2579)-Ma,Q (2645) Hangzhou 2022} 1/2-1/2

[Event "1st Serbian League 2022"]
[Site "Vrnjacka Banja"]
[Date "2022.09.23"]
[Round "4.11"]
[White "Milenkovic, Mladen"]
[Black "Stankovic, Boris"]
[Result "0-1"]
[ECO "B23"]
[WhiteElo "2379"]
[BlackElo "2208"]
[Annotator "TA"]
[PlyCount "72"]
[EventDate "2022.09.20"]
[EventType "team-tourn"]
[EventCountry "SRB"]
[SourceTitle "playchess.com"]
[Source "ChessBase"]
[SourceQuality "1"]
[TimeControl "40/5400+30:1800+30"]

1. e4 c5 2. Nc3 Nc6 3. f4 g6 4. Nf3 Bg7 5. Bc4 e6 6. d3 Nge7 7. a3 d5 8. Ba2 O-O 9. O-O Nd4 {[%emt 0:04:05] [#] B23: Closed Sicilian: Lines without g3.} 10. Bd2 $146 ({Predecessor:} 10. f5 dxe4 11. dxe4 exf5 12. Bg5 h6 13. Bh4 Qc7 14. Kh1 fxe4 15. Nxe4 Nef5 16. Nf6+ Kh8 17. Nd5 {½-½ (46) Puranik,A (2479)-Konguvel,P (2388) Warsaw 2017}) 10... b5 {[%emt 0:04:13] Black is more active.} 11. Kh1 Bb7 {[%emt 0:08:29] Black is slightly better.} 12. exd5 exd5 13. Nxd4 cxd4 14. Ne2 ({Not} 14. Nxb5 $2 a6 15. g4 axb5 $19) 14... Nf5 15. Ng3 $1 Qd7 (15... Ne3 $11 16. Bxe3 dxe3) 16. Nxf5 $14 Qxf5 17. g4 Qd7 18. f5 Be5 (18... Rfc8 $14 {is superior.}) 19. f6 (19. Bh6 $16) 19... Rfe8 $11 20. Bh6 Bc8 (20... Re6 $15) 21. h3 Re6 22. Bg7 (22. Bg5 $11 {keeps the balance.}) 22... Bc7 $17 23. Rf3 (23. Bh6 $17) 23... Qd6 24. Qd2 {[%emt 0:00:34] Prevents Qh2+.} Bb7 (24... Re3 $1 $19 25. Raf1 h5) 25. Bh6 {[%emt 0:03:50] aiming for Bf4.} Rxf6 26. Rxf6 Qxf6 27. Re1 $2 {[%emt 0:00:14][%mdl 8192] White does not recover from this.} (27. Bg5 $17 Qc6 28. Rf1) 27... Qh4 $19 28. Re2 (28. Rf1 $142 Qxh3+ 29. Kg1) 28... Qxh3+ 29. Kg1 Qxg4+ 30. Rg2 Qh4 {[%emt 0:00:00] And now ...Re8 would win.} 31. Re2 {[%emt 0:00:43] Prevents Re8.} (31. Bg5 $142 Qh3 32. Qe1) 31... Bc6 32. Bg5 $2 (32. Qg5 Qxg5+ 33. Bxg5) 32... Qg4+ 33. Rg2 Qh5 {[%emt 0:00:00] White must now prevent ...Re8.} 34. Bf6 (34. Qe2 $142 Qh3 35. Qg4 Qxg4 36. Rxg4) 34... Re8 35. Rg5 Qf3 36. Qf2 {[%emt 0:00:37] [#]} Qd1+ {[%emt 0:00:23] Weighted Error Value: White=1.22/Black=0.47} (36... Bh2+ $142 $1 37. Kf1 Qh1+ 38. Rg1 Bxg1 39. Qxg1 {[#]} Re1+ $3 40. Kxe1 Qxg1+ 41. Ke2 Qe3+ 42. Kf1 Qf3+ 43. Kg1 Qxf6 44. c3 dxc3 45. bxc3 d4 46. Bd5 Bxd5 47. c4 Qg5+ 48. Kf2 Qg2+ 49. Ke1 Bf3 50. cxb5 Qe2#) 0-1

[Event "1st Serbian League 2022"]
[Site "Vrnjacka Banja"]
[Date "2022.09.23"]
[Round "4.12"]
[White "Radojicic, Aleksandar M"]
[Black "Zlatanovic, Boroljub"]
[Result "0-1"]
[ECO "B08"]
[WhiteElo "2192"]
[BlackElo "2313"]
[Annotator "TA"]
[PlyCount "52"]
[EventDate "2022.09.20"]
[EventType "team-tourn"]
[EventCountry "SRB"]
[SourceTitle "playchess.com"]
[Source "ChessBase"]
[SourceQuality "1"]
[TimeControl "40/5400+30:1800+30"]

1. d4 Nf6 2. Nc3 g6 3. e4 d6 4. Nf3 Bg7 5. Be2 O-O 6. O-O c6 7. a4 Bg4 8. h3 Bxf3 9. Bxf3 d5 {[%emt 0:07:05] B08: Pirc Defence: Classical System.} 10. e5 Ne8 11. Re1 {[%emt 0:06:26] [#]} f6 $146 {[%emt 0:07:09] White is slightly better.} ({Predecessor:} 11... e6 12. Ne2 c5 13. c3 Nc6 14. g3 Nc7 15. Bg2 cxd4 16. cxd4 Na6 17. h4 Nab4 {0-1 (38) Demina,J (2357)-Matveeva,S (2411) Serpukhov 2008}) 12. e6 f5 13. h4 Nf6 ({Black should play} 13... Nd6 $11) 14. Ne2 $14 Na6 {[%emt 0:01:30][%cal Bb8a6,Ba6c7,Bc7e6][%mdl 32] [#]} 15. h5 $1 Nc7 16. hxg6 $1 Nxe6 17. Ng3 ({White should try} 17. Nf4 $16 Nxf4 18. gxh7+ (18. Bxf4 hxg6 19. c3 Ne4 $17) 18... Kh8 19. Bxf4) 17... Ne4 $1 $11 18. Bxe4 dxe4 19. gxh7+ Kh8 20. c3 Qe8 21. Nh5 (21. Qh5 $14) 21... Qg6 {[%emt 0:04:07] [#] aiming for ...f4.} 22. Nxg7 (22. Nf4 $11 Nxf4 23. Bxf4) 22... Kxg7 {[%emt 0:02:26] Dancing on a razor blade.} 23. b3 $2 {[%emt 0:00:36][%mdl 8192] Now White is beyond hope.} ({Wrong is} 23. Qb3 $2 Rh8 24. Qxb7 Kf7 $19) (23. f3 $1 $15) 23... f4 24. Qe2 (24. f3 Ng5 25. Kf1 (25. fxe4 $2 Nh3+ 26. Kf1 f3 $19)) 24... f3 $19 25. Qf1 Rh8 26. g3 Qxh7 {[%emt 0:00:15] Weighted Error Value: White=0.87/Black=0.20 (precise)} 0-1

[Event "1st Serbian League 2022"]
[Site "Vrnjacka Banja"]
[Date "2022.09.23"]
[Round "4.13"]
[White "Indjic, Aleksandar"]
[Black "Predojevic, Borki"]
[Result "1/2-1/2"]
[ECO "A06"]
[WhiteElo "2628"]
[BlackElo "2584"]
[Annotator "TA"]
[PlyCount "27"]
[EventDate "2022.09.20"]
[EventType "team-tourn"]
[EventCountry "SRB"]
[SourceTitle "playchess.com"]
[Source "ChessBase"]
[SourceQuality "1"]
[TimeControl "40/5400+30:1800+30"]

1. Nf3 d5 2. e3 Nf6 3. b3 Bf5 4. Ba3 Nbd7 5. d4 c6 {[%emt 0:05:36] The position is equal.} 6. Bd3 {[%emt 0:00:44] A06: Réti Opening: 1 Nf3 d5.} Bg4 7. Bb2 e6 8. Nbd2 Bd6 9. Qc1 Qb8 10. c4 O-O {[%emt 0:07:51] [#]} 11. h3 $146 ({Predecessor:} 11. Qc3 b5 12. c5 b4 13. Qc2 Bc7 14. h3 Bh5 15. O-O e5 16. dxe5 Nxe5 17. Nxe5 Bxe5 18. Bd4 Bxd4 19. exd4 {½-½ (41) Ingason,S (1887)-Pecurica,M (2113) Obrenovac 2010}) 11... Bxf3 12. Nxf3 e5 13. dxe5 Nxe5 14. Nxe5 {[%emt 0:01:37] An interesting draw.  Weighted Error Value: White=0.01 (flawless) /Black=0.03 (flawless)} 1/2-1/2

[Event "1st Serbian League 2022"]
[Site "Vrnjacka Banja"]
[Date "2022.09.23"]
[Round "4.14"]
[White "Bogosavljevic, Boban"]
[Black "Ivanisevic, Ivan"]
[Result "1-0"]
[ECO "A37"]
[WhiteElo "2533"]
[BlackElo "2547"]
[Annotator "TA"]
[PlyCount "103"]
[EventDate "2022.09.20"]
[EventType "team-tourn"]
[EventCountry "SRB"]
[SourceTitle "playchess.com"]
[Source "ChessBase"]
[SourceQuality "1"]
[TimeControl "40/5400+30:1800+30"]

1. Nf3 c5 2. c4 g6 3. Nc3 Bg7 4. g3 Nc6 5. Bg2 d6 6. O-O h5 {[%emt 0:00:29] 6...e6 gains popularity.} 7. e3 {[%emt 0:04:24] A37: Symmetrical English vs ...g6: 4 Bg2 Bg7 5 Nf3.} Nh6 8. d4 Bg4 9. dxc5 {[%emt 0:08:09] The position is equal.} dxc5 {[%emt 0:03:21] [#]} 10. Qb3 $146 ({Predecessor:} 10. h3 Bd7 11. e4 Qc8 12. Nd5 h4 13. Bf4 Kf8 14. g4 Bxb2 15. Qd2 Bg7 16. Nc7 Bxg4 17. hxg4 {½-½ (40) Gagare,S (2501)-Ivanisevic,I (2583) St Petersburg 2018}) 10... Qc8 11. Nd5 Nf5 12. Bd2 h4 13. Bc3 hxg3 14. hxg3 (14. fxg3 $16 {Strongly threatening Bxg7.} O-O 15. Rae1) 14... Bxf3 (14... f6 $11) 15. Bxf3 $14 Kf8 16. Bg2 {[%emt 0:08:12] This bishop pair is nice.} Rb8 17. Rad1 Be5 (17... Nh6 $14) 18. Bxe5 $1 $16 Nxe5 19. Qc3 f6 20. Nf4 g5 {[%emt 0:01:24] [#]} (20... Ng7 $16 {was worth a try.}) 21. Rd8+ $3 $18 Qxd8 22. Ne6+ Kf7 23. Nxd8+ Rbxd8 24. Qc2 e6 25. Rd1 (25. Bxb7 $18 {and White stays clearly on top. Threatens to win with Rd1.} Rd7 26. Be4) 25... b6 $16 (25... Rxd1+ $2 26. Qxd1 a6 27. Qb3 $18) 26. Rxd8 Rxd8 27. Be4 (27. Qa4 $16) 27... Nd6 (27... g4 $1 $11) 28. f4 $1 Nexc4 (28... gxf4 $16 29. exf4 f5) 29. Bd3 (29. Bf3 $18 {has better winning chances.} Ke7 30. Bh5) 29... Nxe3 30. Qh2 Ndf5 ({Black should play} 30... Ke7) 31. Qh7+ Kf8 32. Bxf5 {[%emt 0:01:04] Really sharp!} Nxf5 {[%emt 0:00:48][%mdl 4096] Endgame KQ-KRN} 33. g4 Rd1+ 34. Kf2 Nd4 35. Qh8+ (35. fxg5 $1 $16 Rd2+ 36. Ke3 Re2+ 37. Kd3 fxg5 38. b4) 35... Kf7 (35... Ke7 $11) 36. Qh7+ Kf8 37. fxg5 $1 Rd2+ ({Of course not} 37... fxg5 $6 38. Qh6+ Kf7 39. Qxg5 $11) 38. Ke3 Re2+ 39. Kd3 (39. Kf4 $16 e5+ 40. Kg3 fxg5 41. Qh6+ Ke7 42. Qxg5+ Kd6 43. Qd8+ Ke6 44. Qe8+ Kd6 45. g5 Re3+ 46. Kg2 Re2+ 47. Kf1 Rxb2 48. Qd8+ Ke6 49. Qf6+ Kd5 50. g6) 39... fxg5 $14 40. Qh6+ Kf7 41. Qxg5 Rxb2 42. Qf4+ Kg6 43. g5 Kh5 $2 (43... Rxa2 $2 44. Qf6+ Kh5 45. g6 $18) (43... Nf5 $11) 44. Qf6 $1 $18 {[%emt 0:03:02] Hoping for g6. White is clearly winning.} Rg2 45. Qf7+ Kg4 46. g6 {[%emt 0:00:32] And now g7 would win.} Rg3+ 47. Kd2 $1 Rg2+ {[%emt 0:03:00] [#]} 48. Ke1 $1 Nf3+ {[%emt 0:02:37] [#]} 49. Kd1 $1 (49. Kf1 Kg3) 49... Ne5 50. Qxe6+ Kf4 51. g7 Ng4 52. g8=Q {[%emt 0:01:55] Weighted Error Value: White=0.25 (precise) /Black=0.30} 1-0

[Event "1st Serbian League 2022"]
[Site "Vrnjacka Banja"]
[Date "2022.09.23"]
[Round "4.15"]
[White "Perunovic, Milos"]
[Black "Vuckovic, Bojan"]
[Result "1/2-1/2"]
[ECO "B30"]
[WhiteElo "2542"]
[BlackElo "2559"]
[Annotator "TA"]
[PlyCount "104"]
[EventDate "2022.09.20"]
[EventType "team-tourn"]
[EventCountry "SRB"]
[SourceTitle "playchess.com"]
[Source "ChessBase"]
[SourceQuality "1"]
[TimeControl "40/5400+30:1800+30"]

1. e4 c5 2. Nf3 Nc6 3. Bc4 e6 4. O-O Nf6 5. Re1 a6 6. d4 {[%emt 0:01:06] B30: Sicilian: 2...Nc6 3 Bb5, lines without ...g6.} cxd4 7. Nxd4 Qc7 8. Nxc6 {[%emt 0:00:20] White is slightly better.} Qxc6 {[%emt 0:01:26] [#]} 9. Nd2 $146 ({Predecessor:} 9. Bd3 d6 10. Nc3 Be7 11. f4 b5 12. a3 e5 13. Qe2 O-O 14. Nd5 Nxd5 15. exd5 Qxd5 {0-1 (31) Totterstrom,R-Olander,A (1990) Salo 2011}) 9... Be7 10. e5 Nd5 11. Bxd5 Qxd5 12. c4 (12. Qg4 $5 O-O 13. Nc4 $14) 12... Qd3 13. Ne4 Qxd1 14. Rxd1 b5 15. c5 Bb7 16. Nd6+ Bxd6 17. Rxd6 f6 18. Bd2 fxe5 19. a4 bxa4 $1 20. Rxa4 Bc6 21. Rg4 O-O 22. Rd3 e4 23. Rdg3 g6 24. Bf4 Rf5 25. Bd6 a5 26. h4 Kf7 27. Rb3 a4 28. Rb4 a3 29. bxa3 Rxa3 30. Rb2 e3 31. fxe3 Rxe3 32. Rf4 e5 33. Rxf5+ gxf5 $17 {[%emt 0:00:06][%cal Bg6f5,Bf5f4,Bf4f3][%mdl 4128] Endgame KRB-KRB} 34. Kf2 f4 35. Re2 Rxe2+ 36. Kxe2 {[%emt 0:00:05] KB-KB} Ke6 37. Kf2 h5 38. g3 f3 39. Ke3 e4 40. Kf2 Kd5 41. Ke3 Bb5 (41... Kc4 $17) 42. Be7 (42. g4 $1 $11 {keeps the balance.}) 42... Bf1 43. Bd6 Bh3 44. Be7 Bg4 45. Bd6 Kc4 46. Be7 Kc3 47. Bf6+ Kc2 48. Bg5 Be6 49. Bf4 Kd1 {[%emt 0:00:17] [#] Hoping for ...Ke1.} 50. Kf2 Kc2 51. Ke3 Kd1 {[%emt 0:00:04] Strongly threatening ...Ke1.} 52. Kf2 Kc2 {[%emt 0:00:05] Weighted Error Value: White=0.09 (flawless) /Black=0.10 (very precise)} (52... Bf7 $17) 1/2-1/2